 Dungeon Crawl Stone Soup version 0.22-a0-469-gf26638a71f (webtiles) character file.

88 RedPan the Ogre Mage (level 4, -1/39 HPs)
             Began as an Ogre Wizard on June 11, 2018.
             Slain by an ooze (4 damage)
             ... on level 2 of the Dungeon.
             The game lasted 00:06:13 (2432 turns).

RedPan the Ogre Mage (Ogre Wizard)                  Turns: 2432, Time: 00:06:14

Health: -1/39      AC:  3    Str: 11    XL:     4   Next: 53%
Magic:  1/10       EV: 10    Int: 20    God:
Gold:   41         SH:  0    Dex:  7    Spells: 3/11 levels left

rFire    . . .     SeeInvis .   k - +0 trident
rCold    . . .     Gourm    .   (no shield)
rNeg     . . .     Faith    .   a - +0 robe
rPois    .         Spirit   .   b - +0 hat
rElec    .         Reflect  .   (no cloak)
rCorr    .         Harm     .   (gloves unavailable)
MR       .....                  (boots unavailable)
Stlth    +.........             (no amulet)
HPRegen  0.13/turn              (no ring)
MPRegen  0.12/turn              (no ring)

@: no status effects
A: large, unfitting armour, tough skin 1
a: no special abilities


You were on level 2 of the Dungeon.
You were hungry.

You visited 1 branch of the dungeon, and saw 2 of its levels.

You collected 41 gold pieces.

Inventory:

Hand Weapons
 k - a +0 trident (weapon)
Armour
 a - a +0 robe (worn)
 b - a +0 hat (worn)
Wands
 j - a wand of paralysis (17)
Scrolls
 e - a scroll of identify
 f - 2 scrolls of remove curse
Potions
 h - a potion of haste {unknown}
 i - a potion of agility {unknown}
Comestibles
 d - 4 rations


   Skills:
 + Level 2.4 Dodging
 - Level 1.4 Stealth
 + Level 4.2 Spellcasting
 - Level 2.0 Conjurations
 + Level 1.2 Summonings
 + Level 1.3 Translocations
 - Level 0.1 Air Magic
 * Level 1.1 Poison Magic


You had 3 spell levels left.
You knew the following spells:

 Your Spells              Type           Power        Failure   Level  Hunger
a - Magic Dart            Conj           ##..         5%          1    None
b - Blink                 Tloc           N/A          11%         2    #......
c - Call Imp              Summ           #.......     12%         2    #......
d - Mephitic Cloud        Conj/Pois/Air  #.......     24%         3    ###....

Your spell library contained the following spells:

 Spells                   Type           Power        Failure   Level  Hunger
 Conjure Flame            Conj/Fire      #.......     26%         3    ###....
 Slow                     Hex            #.......     19%         2    #......


Dungeon Overview and Level Annotations

Branches:
Dungeon (2/15)

Altars:


Innate Abilities, Weirdness & Mutations

You are too large for most types of armour.
You have tough skin. (AC +1)


Message History

Aim: an ooze (moderately wounded)
The magic dart hits the ooze.
The ooze is severely wounded.
Casting: Magic Dart (safe; 5% risk of failure)
Confirm with . or Enter, or press ? or * to list all spells.
Aiming: Magic Dart (safe; 5% risk of failure)
Press: ? - help, Shift-Dir - straight line, f/p - ooze
Aim: an ooze (severely wounded)
The magic dart hits the ooze.
The ooze is severely wounded.
The ooze closely misses you.
Casting: Magic Dart (safe; 5% risk of failure)
Confirm with . or Enter, or press ? or * to list all spells.
Aiming: Magic Dart (safe; 5% risk of failure)
Press: ? - help, Shift-Dir - straight line, f/p - ooze
Aim: an ooze (severely wounded)
The magic dart hits the ooze.
The ooze is almost dead.
The ooze hits you.
You die...

########.#
#.......#
#.#########......(#
#........###.)...##
#.######## ##.J.##
#.# ##'''## #.#
#....(# #.# ###.(##
#.###########..##
#....@J)(......#
################


You could see an ooze.

Vanquished Creatures
  An adder (D:2)
  6 oozes (D:2)
  2 dart slugs (D:1)
  3 leopard geckos
  5 bats
  3 giant cockroaches
  5 goblins
  5 hobgoblins
  A quokka (D:2)
  3 frilled lizards
  7 kobolds (D:2)
  4 rats (D:1)
45 creatures vanquished.

Vanquished Creatures (others)
  8 toadstools (D:2)
8 creatures vanquished.

Grand Total: 53 creatures vanquished

Notes
Turn   | Place    | Note
-------+----------+-------------------------------------------
     0 | D:1      | RedPan the Ogre Wizard began the quest for the Orb.
     0 | D:1      | Reached XP level 1. HP: 16/16 MP: 5/5
    50 | D:1      | Reached skill level 1 in Conjurations
   400 | D:1      | Reached XP level 2. HP: 24/24 MP: 1/6
   487 | D:1      | Learned a level 2 spell: Blink
   496 | D:1      | Learned a level 2 spell: Call Imp
  1327 | D:1      | Reached XP level 3. HP: 31/31 MP: 6/8
  1332 | D:1      | Learned a level 3 spell: Mephitic Cloud
  1543 | D:2      | Reached skill level 4 in Spellcasting
  1543 | D:2      | Reached skill level 1 in Summonings
  1807 | D:2      | Reached skill level 1 in Translocations
  2226 | D:2      | Reached XP level 4. HP: 35/39 MP: 1/10
  2393 | D:2      | Reached skill level 1 in Poison Magic
  2432 | D:2      | Slain by an ooze

Vault maps used:
D:1:      giann_forest_graveyard, serial_park_tiny_pond, minmay_split_cup_small
D:2:      cheibrodos_fertilizer, nicolae_ru_great_annihilating_truth,
          first_ration, minmay_pentomino_q2, uniq_crazy_yiuf_cottage

Skill      XL: |  1  2  3  4 |
---------------+-------------+-----
Conjurations   | 1 2 |  2.0
Dodging        | 2 |  2.4
Spellcasting   | 4 |  4.2
Summonings     | 1 |  1.2
Translocations | 1 |  1.3
Poison Magic   | 1 |  1.1
Stealth        | |  1.4
Air Magic      | |  0.1

Action                   |  1- 3 |  4- 6 || total
-------------------------+-------+-------++-------
Melee: Unarmed           |    64 |       ||    64
       Trident           |     3 |     6 ||     9
 Cast: Magic Dart        |   101 |    30 ||   131
  Use: Scroll            |     3 |       ||     3
       Potion            |       |     2 ||     2
 Stab: Sleeping          |     1 |       ||     1
  Eat: Chunk             |     4 |       ||     4
Armor: Robe              |    40 |     6 ||    46
Dodge: Dodged            |    59 |    13 ||    72

Table legend:
 A = Spawn XP
 B = Non-spawn XP
 C = Spawn XP percentage of total XP
 D = Spawn monster count
 E = Non-spawn monster count
 F = Spawn count percentage of total count
 G = Total turns spent on level
                    A         B        C        D         E        F      G
               +---------+---------+-------+---------+---------+-------+---------
         Total |       0 |     126 |   0.0 |       0 |      45 |   0.0 |  2432
               +---------+---------+-------+---------+---------+-------+---------
           D:1 |       0 |      38 |   0.0 |       0 |      19 |   0.0 |  1535
           D:2 |       0 |      88 |   0.0 |       0 |      26 |   0.0 |   897
               +---------+---------+-------+---------+---------+-------+---------
